 Dungeon Crawl Stone Soup version bcrawl-1.31.4 (webtiles) character file.

Game seed: 12417914016185156171

81729 Morbidden the Ducker (level 3, -1/26 HPs)
             Began as a Demonspawn Archaeologist on June 19, 2021.
             Slain by a hobgoblin
             ... wielding a +0 club
             ... led by Robin
              (6 damage)
             ... on level 2 of the Dungeon.
             The game lasted 00:03:34 (2873 turns).

Morbidden the Ducker (Demonspawn Archaeologist)     Turns: 2873, Time: 00:03:34

Health: -1/26      AC:  6    Str: 11    XL:     3   Next: 85%
Magic:  3/3        EV: 13    Int: 16    God:
Gold:   84         SH:  0    Dex: 11    Spells: 2/2 levels left

rFire    . . .     SeeInvis .     - Fists (4.7)
rCold    . . .     Gourm    .   (no shield)
rNeg     . . .     Faith    .   c - +1 robe
rPois    .         Spirit   .   d - +1 hat
rElec    .         Reflect  .   (no cloak)
rCorr    .         Harm     .   (no gloves)
MR       .....                  m - +1 pair of boots
Stlth    ++........             (no amulet)
HPRegen  0.08/turn              (no ring)
MPRegen  0.08/turn              (no ring)

@: no status effects
A: hooves 1, powered by pain 1
a: no special abilities


You were on level 2 of the Dungeon.
You were hungry.

You visited 1 branch of the dungeon, and saw 2 of its levels.

You collected 84 gold pieces.

Inventory:

Hand Weapons
 b - a +0 blowgun
Missiles
 f - 2 curare-tipped needles
 o - 73 poisoned needles
Armour
 c - a +1 robe (worn)
 d - a +1 hat (worn)
 m - a +1 pair of boots (worn)
Jewellery
 k - an uncursed ring of stealth {unknown}
Scrolls
 g - a scroll of magic mapping
 i - 2 scrolls of identify
 j - 2 scrolls of amnesia {unknown}
 l - a scroll of immolation {unknown}
 n - 2 scrolls of teleportation {unknown}
Potions
 a - 2 potions of curing {unknown}
 p - a potion of resistance {unknown}
Miscellaneous
 h - a dusty tome
Comestibles
 e - 3 rations {!d}
 q - 2 chunks of flesh


   Skills:
 * Level 1.4 Fighting
   Level 1.1 Maces & Flails
 * Level 3.4 Dodging
 + Level 3.3 Stealth
 * Level 1.4 Unarmed Combat


You had 2 spell levels left.
You didn't know any spells.
Your spell library was empty.

Dungeon Overview and Level Annotations

Branches:
Dungeon (2/12)

Altars:
Makhleb

Annotations:
D:2 Robin


Innate Abilities, Weirdness & Mutations

You have large cloven feet.
You sometimes gain a little power by taking damage.


Message History

The goblin is severely wounded.
The goblin no longer looks unusually strong.
The goblin hits you but does no damage.
Robin roars a battlecry!
The goblins go into a battle-frenzy!
The hobgoblin hits you but does no damage.
You hear a shout!
You closely miss the goblin.
The goblin is severely wounded.
You hear a shout!
The hobgoblin no longer looks unusually strong.
The goblin hits you. The goblin barely misses you.
The hobgoblin hits you but does no damage.
You hit the goblin.
You kill the goblin!
The goblin hits you with a +0 dagger.
* * * LOW HITPOINT WARNING * * *
Robin hits you but does no damage. The hobgoblin hits you with a +0 club.
You die...

# # #. # #. #### ..
+... #. #### #. #
#g##### #.#.@.#
...####### #ggg#.#
#'##...... ###...#
#.##.##### ##.##
#.##.##### #.#
###.##.#....
####.#####....#(#.###
#........#......#.# #
#.##.###.#....#.#.###
# #.###.#...##......


You could see Robin, a hobgoblin and a goblin.

Vanquished Creatures
  2 worms
  A dart slug (D:2)
  6 leopard geckos
  3 bats (D:1)
  4 giant cockroaches
  7 hobgoblins
  4 kobolds
  2 frilled lizards
  9 goblins
  8 rats
46 creatures vanquished.

Notes
Turn   | Place    | Note
-------+----------+-------------------------------------------
     0 | D:1      | Morbidden the Demonspawn Archaeologist began the quest for
                  | the Orb.
     0 | D:1      | Reached XP level 1. HP: 15/15 MP: 1/1
   174 | D:1      | Reached skill level 1 in Maces & Flails
   185 | D:1      | Gained mutation: You have large cloven feet. [demonic
                  | ancestry]
   185 | D:1      | Reached XP level 2. HP: 13/21 MP: 2/2
  1183 | D:1      | Gained mutation: You sometimes gain a little power by
                  | taking damage. [demonic ancestry]
  1183 | D:1      | Reached XP level 3. HP: 26/26 MP: 3/3
  1949 | D:2      | Reached skill level 1 in Unarmed Combat
  1951 | D:2      | Found a burning altar of Makhleb.
  2853 | D:2      | Noticed Robin
  2873 | D:2      | Slain by a hobgoblin

Skill      XL: |  1  2  3 |
---------------+----------+-----
Maces & Flails | 1 |  1.1
Dodging        | 3 |  3.4
Unarmed Combat | 1 |  1.4
Fighting       | |  1.4
Stealth        | |  3.3

Action                   || total
-------------------------++-------
Melee: Whip              ||    61
       Unarmed           ||   298
       Punch             ||     2
 Fire: Blowgun           ||     4
 Stab: Sleeping          ||     6
       Distracted        ||     1
  Eat: Chunk             ||    15
Armor: Robe              ||   102
Dodge: Dodged            ||   228
